 Dungeon Crawl Stone Soup version 0.31-a0-437-g7cee417757 (webtiles) character file.

Game seed: 14520558125487219595

18 GordonOverkill the Sneak (level 2, -7/21 HPs)
             Began as an Octopode Delver on Aug 2, 2023.
             Killed from afar by a white imp (8 damage)
             ... with a puff of frost
             ... on level 6 of the Dungeon.
             The game lasted 00:00:15 (22 turns).

GordonOverkill the Sneak (Octopode Delver)            Turns: 22, Time: 00:00:16

Health: -7/21      AC:  1    Str: 11    XL:     2   Next: 66%
Magic:  2/2        EV: 13    Int: 12    God:
Gold:   0          SH:  0    Dex: 13    Spells: 1/1 levels left

rFire   . . .        a - +0 short sword
rCold   . . .        (no shield)
rNeg    . . .        (helmet restricted)
rPois   .            (no amulet)
rElec   .            (no ring)
rCorr   .            (no ring)
SInv    .            (no ring)
Will    .....        (no ring)
Stlth   ++++         (no ring)
HPRegen 0.23/turn    (no ring)
MPRegen 0.08/turn    (no ring)
                     (no ring)

%: no passive effects
@: no status effects
A: almost no armour, amphibious, 8 rings, camouflage 1, gelatinous body 1,
(nimble swimmer 1), tentacles
a: no special abilities


You were on level 6 of the Dungeon.
You visited 1 branch of the dungeon, and saw 2 of its levels.

Inventory:

Hand Weapons
 a - a +0 short sword (weapon)
Wands
 f - a wand of digging (3)
Scrolls
 b - a scroll of fog
 c - a scroll of revelation
 d - a scroll of fear
Potions
 e - a potion of haste


   Skills:
 + Level 3.2 Fighting
 + Level 2.3 Short Blades
 + Level 2.3 Dodging
 + Level 6.8 Stealth


You had one spell level left.
You didn't know any spells.
Your spell library was empty.

Dungeon Overview and Level Annotations

Branches:
Dungeon (6/15)
 Temple: D:4-7

Altars:


Innate Abilities, Weirdness & Mutations

You cannot wear most types of armour.
You are amphibious.
You can wear up to eight rings at the same time.
Your skin changes colour to match your surroundings (Stealth+).
Your rubbery body absorbs attacks. (AC +1, EV +1)
((You are camouflaged when in or above water. (Stealth+)))
You have tentacles for arms and can constrict up to eight enemies at once.


Message History

Found a stone staircase leading down.
You climb downwards.
Found a ring mail.
Found a stone staircase leading up.
There is a stone staircase leading up here.
The helpless adder fails to defend itself.
You puncture the adder!
You kill the adder!
You have reached level 2!
An adder comes into view.
A white imp comes into view.
The helpless adder fails to defend itself.
You impale the adder!!
You kill the adder!
The white imp hits you. The white imp freezes you.
You hit the white imp. You grab the white imp.
The white imp is lightly wounded.
You constrict the white imp, but do no damage.
The white imp laughs crazily.
The white imp barely misses you.
You hit the white imp but do no damage. Your squeeze misses the white imp.
The white imp is lightly wounded.
You constrict the white imp, but do no damage.
The white imp gestures at you. The puff of frost hits you!
* * * LOW HITPOINT WARNING * * *
You hit the white imp but do no damage.
The white imp is lightly wounded.
You constrict the white imp, but do no damage.
The white imp hits you.
* * * LOW HITPOINT WARNING * * *
The white imp freezes you.
* * * LOW HITPOINT WARNING * * *
You hit the white imp but do no damage.
Your tentacle-slap misses the white imp.
You squeeze the white imp.
The white imp is moderately wounded.
You constrict the white imp. The white imp gestures at you.
The puff of frost hits you!
You die...

#...# #...#
#...# ##.##
#.# #### #.#
.....######.##
#..........#
#....@###.##
#......5# ###
..###....
##.### ##


You could see a white imp.

Vanquished Creatures
  2 adders (D:6)
2 creatures vanquished.

Notes
Turn   | Place    | Note
-------+----------+-------------------------------------------
     0 | D:5      | GordonOverkill the Octopode Delver began the quest for the
                  | Orb.
     0 | D:5      | Reached XP level 1. HP: 16/16 MP: 1/1
     4 | D:6      | Reached XP level 2. HP: 21/21 MP: 2/2
    21 | D:6      | HP: 1/21 [white imp (4)]
    22 | D:6      | Killed from afar by a white imp

Illustrated notes

Levels and vault maps discovered:
D:5:      layout_basic, serial_curves, eino_curves_04, eino_curves_01
D:6:      layout_loops_cross, minmay_temple_entry_mini_moons, serial_shops,
          nicolae_shop_window_shopping, roderic_roman_lattice, uniq_edmund,
          uniq_menkaure, uniq_blork_the_orc

Action                     || total
---------------------------++-------
  Melee: Short sword       ||     6
         Constrict         ||     1
         Tentacles         ||     1
   Stab: Sleeping          ||     2
  Dodge: Dodged            ||     1

Table legend: (Time is in decaauts)
 A = Elapsed time spent in this place.
 B = Non-inter-level travel time spent in this place.
 C = Inter-level travel time spent in this place.
 D = Time resting spent in this place.
 E = Time spent auto-exploring this place.
 F = Levels seen in this place.
 G = Mean time per level.
                   A        B        C        D        E       F      G
               +--------+--------+--------+--------+--------+-----+--------+
         Total |     21 |     21 |      0 |      0 |      0 |   2 |   10.5 |
       Dungeon |     21 |     21 |      0 |      0 |      0 |   2 |   10.5 |
               +--------+--------+--------+--------+--------+-----+--------+

Top non-repeatable levels by time:
     D:6: 20 daAuts
     D:5: 1 daAuts
